 Dungeon Crawl Stone Soup version 0.26-a0-831-g7192265339 (webtiles) character file.

Game seed: 16756719272985945887

359 marklar909 the Conjurer (level 6, 0/45 HPs)
             Began as a Draconian Conjurer on Nov 16, 2020.
             Succumbed to a killer bee's poison
             ... on level 3 of the Dungeon.
             The game lasted 00:05:17 (3857 turns).

marklar909 the Conjurer (Draconian Conjurer)        Turns: 3857, Time: 00:05:18

Health: 0/45       AC:  8    Str:  9    XL:     6   Next: 37%
Magic:  1/11       EV: 12    Int: 21    God:
Gold:   97         SH:  0    Dex:  9    Spells: 9/12 levels left

rFire    + . .     SeeInvis .   m - staff of cold
rCold    + . .     Faith    .   (no shield)
rNeg     + . .     Spirit   .   (armour unavailable)
rPois    .         Reflect  .   (helmet restricted)
rElec    .         Harm     .   l - +0 cloak (curse)
rCorr    .         Rampage  .   (no gloves)
MR       .....                  a - +0 pair of boots
Stlth    ++........             (no amulet)
HPRegen  0.15/turn              d - ring of positive energy
MPRegen  0.12/turn              j - ring of protection from fire

@: lethally poisoned (0 -> -6), hasted, very quick
A: unfitting armour, cold-blooded, AC +6
a: no special abilities


You were on level 3 of the Dungeon.
You visited 1 branch of the dungeon, and saw 3 of its levels.

You collected 97 gold pieces.

Inventory:

Armour
 a - a +0 pair of boots (worn)
 l - a cursed +0 cloak (worn)
Magical Staves
 m - an uncursed staff of cold (weapon)
Jewellery
 d - a ring of positive energy (left hand)
 j - a ring of protection from fire (right hand)
Scrolls
 f - a scroll of enchant weapon {unknown}
 h - 2 scrolls of remove curse {unknown}
 i - a scroll of blinking {unknown}
 k - a scroll of immolation {unknown}
Potions
 b - a potion of attraction {unknown}
 c - a potion of curing {unknown}
 e - a potion of magic {unknown}
 g - a potion of haste
 n - 2 potions of lignification {unknown}
 o - a potion of flight {unknown}


   Skills:
 + Level 0.1 Fighting
 + Level 2.1 Dodging
 + Level 2.5 Stealth
 + Level 0.5 Unarmed Combat
 + Level 3.6 Spellcasting
 + Level 6.4 Conjurations


You had 9 spell levels left.
You knew the following spells:

 Your Spells              Type           Power        Failure   Level
a - Magic Dart            Conj           ####         1%          1
b - Searing Ray           Conj           ####..       1%          2

Your spell library contained the following spells:

 Spells                   Type           Power        Failure   Level
 Dazzling Flash           Conj/Hex       ###...       10%         3
 Fulminant Prism          Conj/Hex       ###.......   32%         4
 Iskenderun's Mystic Bla  Conj/Tloc      ###.....     32%         4


Dungeon Overview and Level Annotations

Branches:
Dungeon (3/15)

Altars:
Qazlal
Uskayaw
The Shining One


Innate Abilities, Weirdness & Mutations

Your plain brown scales are hard. (AC +6)
You cannot fit into any form of body armour.
You are cold-blooded and may be slowed by cold attacks.


Message History

The killer bee is moderately wounded.
The killer bee stings you.
You are poisoned.
The killer bee poisons you! The killer bee closely misses you.
Unknown command.
You feel sick. The killer bee barely misses you.
The killer bee barely misses you.
You feel sick. The killer bee closely misses you.
The killer bee barely misses you. The killer bee barely misses you.
The killer bee stings you!
* * * LOW HITPOINT WARNING * * *
The killer bee stings you!
* * * LOW HITPOINT WARNING * * *
The killer bee stings you.
* * * LOW HITPOINT WARNING * * *
You are more poisoned.
The killer bee poisons you!
Okay, then.
It was a potion of haste.
You feel yourself speed up.
You die...

# #.# #..# ..# #.# #...
#...###.#########..#
....................
.......<#.......#..#
#...###.#.##....#..# ..#
#.#<......#...
############.#.##....#...
.#
#.†....y@..(.#.##.##.#...
....#####.##..(y.......##.
#.####
....y..y#.##.####...#####.
#.. ...†###y#y##.# #...#
#. #### .. #.#)...# #...#
#. #.....## ##...# #.
#.....# #....# #.....#
#....# #.##### #....#


You could see 2 killer bees.

Vanquished Creatures
  4 killer bees (D:3)
  2 orc priests (D:2)
  An orc wizard (D:2)
  An adder (D:2)
  2 oozes (D:2)
  A worm (D:2)
  3 dart slugs
  5 leopard geckos
  3 orcs
  8 giant cockroaches
  6 goblins
  8 hobgoblins
  2 quokkas
  4 bats
  7 frilled lizards
  3 kobolds
  9 rats
69 creatures vanquished.

Vanquished Creatures (others)
  A rat (D:1)
1 creature vanquished.

Grand Total: 70 creatures vanquished

Notes
Turn   | Place    | Note
-------+----------+-------------------------------------------
     0 | D:1      | marklar909 the Draconian Conjurer began the quest for the
                  | Orb.
     0 | D:1      | Reached XP level 1. HP: 14/14 MP: 3/3
   192 | D:1      | Reached XP level 2. HP: 20/20 MP: 3/5
  1028 | D:1      | Reached XP level 3. HP: 26/26 MP: 4/6
  1031 | D:1      | Learned a level 2 spell: Searing Ray
  1346 | D:2      | Reached skill level 5 in Conjurations
  1619 | D:2      | Reached XP level 4. HP: 33/33 MP: 3/7
  2015 | D:2      | Reached XP level 5. HP: 38/38 MP: 1/8
  2492 | D:2      | Found a stormy altar of Qazlal.
  2493 | D:2      | Found a glowing golden altar of the Shining One.
  2495 | D:2      | Found a hide-covered altar of Uskayaw.
  3458 | D:3      | Reached skill level 6 in Conjurations
  3836 | D:3      | Reached XP level 6. HP: 36/45 MP: 2/11
  3856 | D:3      | HP: 1/45 [killer bee (3)]
  3857 | D:3      | Succumbed to a killer bee's poison

Illustrated notes

Levels and vault maps discovered:
D:1:      wander_arrival_desolate, layout_loops_ring, lemuel_old_faithful
D:2:      layout_basic, nicolae_overflow_hidden_temple
D:3:      layout_basic, nemelex_xobeh_ov_fountains_minmay, skrybe_limestone_x

Skill      XL: |  1  2  3  4  5 |
---------------+----------------+-----
Conjurations   | 5 6 |  6.4
Stealth        | 2 |  2.5
Dodging        | 2 |  2.1
Spellcasting   | 3 |  3.6
Fighting       | |  0.1
Unarmed Combat | |  0.5

Action                   |  1- 3 |  4- 6 || total
-------------------------+-------+-------++-------
Melee: Unarmed           |       |    12 ||    12
       Tailslap          |       |     1 ||     1
       Staff             |       |     3 ||     3
 Cast: Magic Dart        |    49 |    23 ||    72
       Searing Ray       |     6 |    28 ||    34
  Use: Potion            |       |     1 ||     1
Armor: Skin              |     8 |    11 ||    19
Dodge: Dodged            |    10 |    32 ||    42

Table legend: (Time is in decaauts)
 A = Elapsed time spent in this place.
 B = Non-inter-level travel time spent in this place.
 C = Inter-level travel time spent in this place.
 D = Time resting spent in this place.
 E = Time spent auto-exploring this place.
 F = Levels seen in this place.
 G = Mean time per level.
                   A        B        C        D        E       F      G
               +--------+--------+--------+--------+--------+-----+--------+
         Total |   3857 |   3803 |     54 |    627 |   2736 |   3 | 1285.7 |
       Dungeon |   3857 |   3803 |     54 |    627 |   2736 |   3 | 1285.7 |
               +--------+--------+--------+--------+--------+-----+--------+

Top non-repeatable levels by time:
     D:1: 1843 daAuts
     D:2: 1405 daAuts
     D:3: 607 daAuts
